 Dungeon Crawl Stone Soup version 0.30-b1-2-g02819fbbbe (webtiles) character file.

Game seed: 15596589720415675015

345 bruhbruhbruh the Covered (level 6, -3/84 HPs)
             Began as a Minotaur Fighter on May 15, 2023.
             Was a Believer of Okawaru.
             Engulfed by a steam dragon's steam (8 damage)
             ... on level 6 of the Dungeon.
             The game lasted 00:17:27 (1652 turns).

bruhbruhbruh the Covered (Minotaur Fighter)         Turns: 1652, Time: 00:17:28

Health: -3/84      AC: 23    Str: 22 (23) XL:     6   Next: 32%
Magic:  14/14      EV:  2    Int:  3 (5)  God:    Okawaru [**....]
Gold:   64         SH:  5    Dex: 14 (15) Spells: 5/5 levels left

rFire   . . .        a - +0 long sword
rCold   . . .        c - +0 buckler
rNeg    . . .        b - melded +0 scale mail
rPois   +            (helmet currently unavailable)
rElec   .            (cloak currently unavailable)
rCorr   .            (gloves currently unavailable)
SInv    .            (boots currently unavailable)
Will    .....        l - amulet of the acrobat
Stlth   +            f - ring of magical power
HPRegen 0.34/turn    i - +6 ring of dexterity
MPRegen 0.14/turn

%: acrobat
@: mighty, tree-form (expiring), weak-willed, acrobatic
A: stationary, stasis, torment immunity, boosted hp, (horns 2), (retaliatory
headbutt), (shaggy fur 1)
a: Renounce Religion, Heroism


You were on level 6 of the Dungeon.
You worshipped Okawaru.
Okawaru was pleased with you.
You were a tree.
You visited 1 branch of the dungeon, and saw 6 of its levels.

You collected 64 gold pieces.

Inventory:

Hand Weapons
 a - a +0 long sword (weapon)
Armour
 b - a +0 scale mail (melded)
 c - a +0 buckler (worn)
Jewellery
 f - a ring of magical power (left branch)
 i - a +6 ring of dexterity (right branch)
 l - an amulet of the acrobat (around neck)
Scrolls
 h - 6 scrolls of identify
 j - a scroll of teleportation
 k - a scroll of fog {unknown}
 m - a scroll of butterflies {unknown}
 q - a scroll of immolation {unknown}


   Skills:
 + Level 5.1 Fighting
 + Level 4.6 Long Blades
 + Level 5.6 Armour
 + Level 1.2 Dodging
 + Level 0.2 Stealth
 + Level 4.5 Shields


You had 5 spell levels left.
You didn't know any spells.
Your spell library contained the following spells:

 Spells                   Type           Power      Damage    Failure   Level
 Magic Dart               Conj           0%         1d3       58%         1
 Shock                    Conj/Air       0%         1d3       58%         1
 Ensorcelled Hibernation  Hex/Ice        0%         N/A       73%         2
 Passwall                 Tmut/Erth      0%         N/A       73%         2
 Searing Ray              Conj           0%         2d4       73%         2
 Swiftness                Air            0%         N/A       91%         3
 Airstrike                Air            0%         2d(0-16)  100%        4
 Fulminant Prism          Conj/Hex       0%         3d5       100%        4


Dungeon Overview and Level Annotations

Branches:
Dungeon (6/15)             Temple (0/1) D:6

Altars:
Okawaru

Annotations:
D:6 Eustachio


Innate Abilities, Weirdness & Mutations

You are a tree.
Your roots penetrate the ground, keeping you stationary.
You cannot be teleported.
You are immune to unholy pain and torment.
Your maximum health is greatly increased.
Your equipment is partially melded.
((You have a pair of horns on your head.))
((You reflexively headbutt those who attack you in melee.))
((You are covered in fur. (AC +1)))


Message History

The ball of steam hits something!
The ball of steam hits you!
You are engulfed in a cloud of scalding steam.
Something hits you but does no damage.
You are engulfed in a cloud of scalding steam.
Reactivating autopickup.
Your transformation is almost over.
Eustachio mumbles some strange words.
The steam dragon breathes steam at you.
The ball of steam hits you but does no damage.
You are engulfed in a cloud of scalding steam.
You are engulfed in a cloud of scalding steam.
You block the steam dragon's attack.
The steam dragon claws you but does no damage.
You are engulfed in a cloud of scalding steam.
The steam dragon breathes steam at you. The ball of steam hits you!!
* * * LOW HITPOINT WARNING * * *
Eustachio is engulfed in a cloud of scalding steam.
You are engulfed in a cloud of scalding steam.
The steam dragon bites you but does no damage.
The steam dragon claws you but does no damage.
Eustachio is engulfed in a cloud of scalding steam.
The steam dragon bites you but does no damage.
The steam dragon claws you but does no damage.
The steam dragon bites you.
* * * LOW HITPOINT WARNING * * *
You block the steam dragon's attack.
Eustachio gestures wildly while chanting.
Eustachio blinks!
The steam dragon breathes steam at you. The ball of steam hits you!
* * * LOW HITPOINT WARNING * * *
Eustachio mumbles some strange words.
Eustachio blinks!
You are engulfed in a cloud of scalding steam.
* * * LOW HITPOINT WARNING * * *
The steam dragon bites you but does no damage.
The steam dragon claws you but does no damage.
Eustachio casts a spell.
You are engulfed in a cloud of scalding steam.
You die...

*,*,***...#*,,,,
#,*,***...##,,,,
#.*,,,,....#,,,,
#.#####....#,,,,
*.........,,,,,,
**#....#**,,..,,
######....###....,,
#..DlbJ.@......#***
##♣###....###..#
#.# #......#,,* **
#.# #<.)...#,,* *,
#.#######.##,,* *,
#..........#,,* *,
############,,***,
*,,,,,, **,,,,,
*,,,,,


You could see Eustachio (weak-willed), a steam dragon (catching breath,
weak-willed), an iguana, a jelly and a bat (summoned).

Vanquished Creatures
  A phantom (D:5)
  An orc priest (D:4)
  A hound (D:6)
  An iguana (D:5)
  A sleepcap (D:6)
  An orc wizard (D:3)
  8 adders
  A shadow imp (D:5)
  An ufetubus (D:5)
  2 worms
  3 dart slugs
  3 orcs (D:3)
  2 endoplasms
  A giant cockroach (D:2)
  4 goblins (D:2)
  A hobgoblin (D:2)
  A quokka (D:5)
  4 ball pythons
  3 bats
  2 frilled lizards (D:2)
  7 kobolds
  5 rats
54 creatures vanquished.

Vanquished Creatures (others)
  Sigmund (D:6)
1 creature vanquished.

Grand Total: 55 creatures vanquished

Notes
Turn   | Place    | Note
-------+----------+-------------------------------------------
     0 | D:1      | bruhbruhbruh the Minotaur Fighter began the quest for the
                  | Orb.
     0 | D:1      | Reached XP level 1. HP: 19/19 MP: 0/0
   387 | D:1      | Found a faded altar of an unknown god.
   412 | D:1      | Prayed at the altar of an unknown god.
   412 | D:1      | Became a worshipper of Warmaster Okawaru
   412 | D:1      | Reached * piety under Okawaru
   442 | D:2      | Reached XP level 2. HP: 27/27 MP: 1/1
   493 | D:2      | Reached XP level 3. HP: 6/33 MP: 2/2
   846 | D:3      | Reached skill level 5 in Armour
   846 | D:3      | Reached XP level 4. HP: 5/41 MP: 3/3
   963 | D:4      | Reached XP level 5. HP: 22/47 MP: 4/4
  1190 | D:5      | Entered Level 5 of the Dungeon
  1207 | D:5      | Reached ** piety under Okawaru
  1342 | D:5      | Noticed a phantom
  1354 | D:5      | Killed a phantom
  1355 | D:5      | Reached skill level 5 in Fighting
  1387 | D:5      | Reached skill level 1 in Dodging
  1552 | D:5      | Reached XP level 6. HP: 36/56 MP: 5/5
  1621 | D:6      | Noticed Sigmund
  1623 | D:6      | Noticed Eustachio
  1624 | D:6      | Noticed a steam dragon
  1630 | D:6      | Gained mutation: You are covered in fur. (AC +1) [potion of
                  | mutation]
  1642 | D:6      | Killed Sigmund
  1651 | D:6      | HP: 4/84 [steam dragon] (3)]
  1652 | D:6      | Engulfed by a steam dragon's steam

Illustrated notes

Levels and vault maps discovered:
D:1:      scummos_arrival_checkerplants, layout_loops_corners,
          chequers_ecumenical_altar_simple, corner_web_ring,
          minmay_tree_intersection, kennysheep_pointless_box,
          chequers_serial_rivers_small_a
D:2:      cheibrodos_helix_gallery, layout_rooms, basic_altar
D:3:      minmay_angry_zag, layout_loops_ring, minmay_circle_x, uniq_terence
D:4:      layout_loops_corners, chequers_serial_rivers_large_b,
          kennysheep_generic_room_10
D:5:      layout_basic, minivault_25, chequers_serial_rivers_marsh,
          corexii_checkpoint_b, roderic_roman_lattice, mrwooster_statue_mirror,
          minmay_manual_mullet
D:6:      layout_basic, fedhas_altar_4, minmay_temple_entry_statues,
          uniq_sigmund, uniq_eustachio

Skill      XL: |  1  2  3  4  5 |
---------------+----------------+-----
Armour         | 4 5 |  5.6
Fighting       | 4 5 |  5.1
Shields        | 4 |  4.5
Long Blades    | 3 4 |  4.6
Dodging        | 1 |  1.2
Stealth        | |  0.2

Action                     |  1- 3 |  4- 6 || total
---------------------------+-------+-------++-------
  Melee: Long sword        |    63 |    60 ||   123
         Headbutt          |    11 |    14 ||    25
 Invoke: Heroism           |     1 |     1 ||     2
    Use: Potion            |     1 |     5 ||     6
         Scroll            |       |     3 ||     3
 Armour: Scale mail        |    34 |    33 ||    67
         Skin              |       |    21 ||    21
  Dodge: Dodged            |    34 |    34 ||    68
  Block: Buckler           |    17 |    24 ||    41
